 Dungeon Crawl Stone Soup version 0.23.0-3-gf3c87f2 (webtiles) character file.

Game seed: 7160565488551767597

7 Borgoz the Sneak (level 2, -1/22 HPs)
             Began as a Ghoul Enchanter on Feb 24, 2019.
             Slain by a jackal (2 damage)
             ... on level 1 of the Dungeon.
             The game lasted 00:01:00 (436 turns).

Borgoz the Sneak (Ghoul Enchanter)                   Turns: 436, Time: 00:01:00

Health: -1/22      AC:  2    Str: 11    XL:     2   Next: 4%
Magic:  2/3        EV: 12    Int: 10    God:
Gold:   40         SH:  0    Dex:  9    Spells: 3/4 levels left

rFire    . . .     SeeInvis .   a - +1 dagger
rCold    + . .     Gourm    .   (no shield)
rNeg     + + +     Faith    .   b - +0 robe
rPois    ∞         Spirit   .   (no helmet)
rElec    .         Reflect  .   (no cloak)
rCorr    .         Harm     .   (no gloves)
MR       .....                  (no boots)
Stlth    ++........             (no amulet)
HPRegen  0.00/turn              (no ring)
MPRegen  0.08/turn              (no ring)

@: rotting
A: rotting body, claws 1, carnivore, cold resistance 1, negative energy
resistance 3, inhibited regeneration, torment resistance, unbreathing
a: no special abilities


You were on level 1 of the Dungeon.
You were not hungry.

You visited 1 branch of the dungeon, and saw 1 of its levels.

You collected 40 gold pieces.

Inventory:

Hand Weapons
 a - a +1 dagger (weapon)
Armour
 b - a +0 robe (worn)
Scrolls
 e - a scroll of identify
Comestibles
 d - a ration


   Skills:
 + Level 0.3 Fighting
 + Level 1.0 Short Blades
 + Level 1.9 Dodging
 + Level 3.4 Stealth
 + Level 1.9 Spellcasting
 + Level 2.5 Hexes


You had 3 spell levels left.
You knew the following spells:

 Your Spells              Type           Power        Failure   Level  Hunger
a - Corona                Hex            #......      12%         1    ##.....

Your spell library contained the following spells:

 Spells                   Type           Power        Failure   Level  Hunger
 Ensorcelled Hibernation  Hex/Ice        #.....       28%         2    ###....
 Confuse                  Hex            #.......     34%         3    ####...
 Tukima's Dance           Hex            #.......     34%         3    ####...
 Dazzling Spray           Conj/Hex       #.....       50%         3    ####...


Dungeon Overview and Level Annotations

Branches:
Dungeon (1/15)

Altars:


Innate Abilities, Weirdness & Mutations

Your body is rotting away.
You thrive on raw meat.
You are immune to poison.
You have sharp fingernails.
You are carnivorous and can eat meat at any time.
Your flesh is cold resistant. (rC+)
You are immune to negative energy. (rN+++)
You do not regenerate when monsters are visible.
You are immune to unholy pain and torment.
You can survive without breathing.


Message History

* * * LOW HITPOINT WARNING * * *
You closely miss the jackal. The jackal bites you.
* * * LOW HITPOINT WARNING * * *
Okay, then.
You hit the jackal but do no damage. The jackal bites you.
* * * LOW HITPOINT WARNING * * *
It was a potion of cancellation.
You feel magically purged.
Your magical contamination has completely faded away.
The jackal closely misses you. The jackal bites you.
* * * LOW HITPOINT WARNING * * *
You hit the jackal but do no damage. The jackal barely misses you.
As you read the scroll labeled QIPSEL CEINOA, it crumbles to dust.
It is a scroll of identify.
You don't have any unidentified items.
The jackal misses you.
You aren't carrying any potions.
Unknown command.
Okay, then.
You hit the jackal but do no damage. The jackal bites you.
You die...

#.#.# # #....#.# #
#.####.# # #..##..# #
.#...#.#### #
......>..÷.# #
#.......##.###
#.#########..##......#
#...h@....#...........
#########.#..##....###
...K..#.##.##.##.#
#.......#.#.......)#
#.......#.##.#####.#
##......#.########.#
#......#..........#
#......############
.....


You could see a jackal and a kobold.

Vanquished Creatures
  A hobgoblin (D:1)
  3 jackals (D:1)
  2 bats (D:1)
  A goblin (D:1)
7 creatures vanquished.

Notes
Turn   | Place    | Note
-------+----------+-------------------------------------------
     0 | D:1      | Borgoz the Ghoul Enchanter began the quest for the Orb.
     0 | D:1      | Reached XP level 1. HP: 14/14 MP: 2/2
   416 | D:1      | Reached skill level 1 in Short Blades
   421 | D:1      | Reached XP level 2. HP: 12/22 MP: 3/3
   433 | D:1      | HP: 1/22 [jackal (1)]
   436 | D:1      | Slain by a jackal

Skill      XL: |  1 |
---------------+----+-----
Short Blades   | 1 |  1.0
Fighting       | |  0.3
Dodging        | |  1.9
Stealth        | |  3.4
Spellcasting   | |  1.9
Hexes          | |  2.5

Action                   || total
-------------------------++-------
Melee: Dagger            ||    43
 Cast: Corona            ||     2
  Use: Scroll            ||     1
       Potion            ||     1
  Eat: Chunk             ||     2
Armor: Robe              ||    16
Dodge: Dodged            ||    32
